 Dungeon Crawl Stone Soup version 0.30.0-5-g1a98f26d00 (webtiles) character file.

Game seed: 2864856918746126636

136 jimonade the Trooper (level 4, -4/37 HPs)
             Began as a Mummy Monk on May 11, 2023.
             Slain by a mummy (7 damage)
             ... on level 6 of the Dungeon.
             The game lasted 00:04:45 (2764 turns).

jimonade the Trooper (Mummy Monk)                   Turns: 2764, Time: 00:04:46

Health: -4/37      AC: 14    Str: 14    XL:     4   Next: 98%
Magic:  4/4        EV:  7    Int: 11    God:
Gold:   209        SH:  0    Dex: 14    Spells: 3/3 levels left

rFire   x . .        t - +3 whip (venom)
rCold   + . .        c - orb {light}
rNeg    + + +        l - +0 chain mail
rPois   ∞            (no helmet)
rElec   .            m - +1 cloak
rCorr   .            (no gloves)
SInv    .            (no boots)
Will    .....        (no amulet) Stlth
                     q - +4 ring of protection
HPRegen 0.26/turn    (no ring)
MPRegen 0.09/turn

%: faith
@: glowing
A: cold resistance 1, negative energy resistance 3, torment resistance 2, heat
vulnerability 1, in touch with death 1, no potions, faith
a: no special abilities


You were on level 6 of the Dungeon.
You visited 1 branch of the dungeon, and saw 5 of its levels.
You also visited: Ossuary.

You collected 209 gold pieces.

Inventory:

Hand Weapons
 a - a +0 short sword of venom
 k - a +0 spear
 o - a +0 falchion
 r - a +0 long sword
 t - a +3 whip of venom (weapon)
Armour
 b - a +0 robe
 c - an orb of light (worn)
 h - a +1 leather armour of cold resistance
 l - a +0 chain mail (worn)
 m - a +1 cloak (worn)
 u - a +0 ring mail
Magical Staves
 p - a staff of conjuration
Jewellery
 n - a ring of ice
 q - a +4 ring of protection (left hand)
Scrolls
 e - 3 scrolls of fog
 f - a scroll of magic mapping
 g - 2 scrolls of teleportation
 i - 2 scrolls of fear {unknown}
 j - a scroll of vulnerability {unknown}
 s - a scroll of immolation {unknown}


   Skills:
 + Level 3.7 Fighting
 - Level 1.0 Short Blades
 + Level 0.1 Maces & Flails
 - Level 3.1 Polearms
 + Level 1.5 Armour
 + Level 3.0 Dodging


You had 3 spell levels left.
You didn't know any spells.
Your spell library was empty.

Dungeon Overview and Level Annotations

Branches:
Dungeon (6/15)            Ossuary (visited)
 Temple: D:4-7

Altars:
Xom


Innate Abilities, Weirdness & Mutations

You are immune to poison.
Your flesh is cold resistant. (rC+)
You are immune to negative energy. (rN+++)
You are immune to unholy pain and torment.
You are vulnerable to heat. (rF-)
You are in touch with the powers of death.
You do not drink.
You have a special connection with the divine. (Faith)


Message History

You hit the mummy.
The mummy is heavily damaged.
The mummy barely misses you. x2
You hit the mummy.
The mummy is heavily damaged.
The mummy hits you!
You hit the mummy.
The mummy is severely damaged.
The mummy closely misses you.
You hit the mummy.
The mummy is almost destroyed.
The mummy hits you but does no damage. The mummy hits you.
You hit the mummy.
The mummy is almost destroyed.
The mummy hits you!
You hit the mummy.
The mummy is almost destroyed.
The mummy hits you!
* * * LOW HITPOINT WARNING * * *
You are too injured to fight recklessly!
You are too injured to fight recklessly!
You are too injured to fight recklessly!
You barely miss the mummy.
The mummy is almost destroyed.
The mummy hits you but does no damage. The mummy hits you.
* * * LOW HITPOINT WARNING * * *
You hit the mummy but do no damage.
The mummy is almost destroyed.
The mummy hits you!
* * * LOW HITPOINT WARNING * * *
There is a gate leading back out of this place here.
The mummy hits you but does no damage.
Welcome back to the Dungeon!
There is a collapsed entrance here.
You hit the mummy.
The mummy is lightly damaged.
You hit the mummy.
The mummy is heavily damaged.
The mummy hits you!
You die...

**,,,,* **,,,,,** ***,,,,*,,**
****,.,,,***,,**
**,^,.#.,**,**,,**
*,,***..###+###.,**
*,***,,#.......*,,**
*,,,,,**#.....###,,**********
##,*,,**,*#...*#@#*,,*,,,,,,,*
#.,,,###+###.###M###..<,,,,,,*
§§,,,!..................,,,,,*
§§#########..####..###..,,,,,*
#§§§§§§§..............,,,,,,,*
#####################..,,,,,,*
*******,,,..,,,,,*
******,,,,,,,**,.>,,,,*
*,,,,,,****,,,*********


You could see a mummy.

Vanquished Creatures
  An iguana (D:3)
  A mummy (D:6)
  2 adders
  2 dart slugs
  4 ball pythons
  8 endoplasms
  5 giant cockroaches
  7 goblins
  6 hobgoblins
  7 jackals
  3 quokkas
  A bat (D:1)
  5 frilled lizards
  4 hobgoblin zombies (Ossuary)
  7 kobolds
  3 orc zombies (Ossuary)
  7 rats
73 creatures vanquished.

Notes
Turn   | Place    | Note
-------+----------+-------------------------------------------
     0 | D:1      | jimonade the Mummy Monk began the quest for the Orb.
     0 | D:1      | Reached XP level 1. HP: 18/18 MP: 1/1
   323 | D:1      | Reached XP level 2. HP: 22/24 MP: 2/2
   649 | D:1      | Gained mutation: You are in touch with the powers of death.
                  | [Mummy growth]
   649 | D:1      | Reached XP level 3. HP: 21/29 MP: 3/3
   933 | D:2      | Found a shimmering altar of Xom.
  1809 | D:3      | Reached XP level 4. HP: 36/36 MP: 4/4
  1972 | D:3      | Reached skill level 1 in Armour
  2209 | D:3      | Reached skill level 1 in Short Blades
  2680 | D:4      | You fall into a shaft and drop 2 floors!
  2699 | D:6      | Found a sand-covered staircase.
  2708 | Ossuary  | Entered an ossuary
  2764 | D:6      | Slain by a mummy

Illustrated notes

Levels and vault maps discovered:
D:1:      matt_arrival_refuge, layout_loops_ring
D:2:      layout_basic, basic_altar
D:3:      layout_loops_corners
D:4:      layout_loops_cross, mainiacjoe_overflow_brackets,
          gammafunk_ghost_gnarly_gnolls, serial_shops, shop, shop, shop, shop,
          shop, grunt_ministairs_4, cheibrodos_gnoll_hut
D:6:      layout_rooms, lemuel_zombie_altar_kikubaaqudgha,
          nicolae_ossuary_entry_giza, feat_on_display, uniq_maggie, uniq_duvessa

Skill      XL: |  1  2  3  4 |
---------------+-------------+-----
Polearms       | 3 |  3.1
Armour         | 1 |  1.5
Short Blades   | 1 |  1.0
Dodging        | 3 |  3.0
Fighting       | |  3.7
Maces & Flails | |  0.1

Action                     |  1- 3 |  4- 6 || total
---------------------------+-------+-------++-------
  Melee: Spear             |    87 |       ||    87
         Short sword       |    59 |    32 ||    91
         Whip              |       |    35 ||    35
    Use: Scroll            |       |     4 ||     4
 Armour: Robe              |     4 |       ||     4
         Leather armour    |    20 |       ||    20
         Chain mail        |    20 |    37 ||    57
  Dodge: Dodged            |    59 |    15 ||    74
